AoeStats
← 无忧无虑

Scandinavia

510295316Analyzed
1v1 RM · 2d ago on Sep 30, 2026· 16m 58s· 2 players
Game mode
Random Map
Map size
Tiny (2 player)
Population
200
Speed
Normal
Resources
Standard
Victory
Conquest
Starting age
Dark Age
Ending age
Imperial Age
RankedLock teamsTeams togetherTeam positionsShared explorationLock speedFull tech treeHidden civsTurbo modeCheats
Victory
Defeat
🇳🇱 Japanese · Netherlands
676
+16
🇨🇳 Teutons · China
681
-37
Xiatma
2:11 Loom
10:03 Feudal Age
11:31 Wheelbarrow
10:54 Double-Bit Axe
12:33 Fishing Lines
14:22 Town Watch
15:33 Horse Collar
16:51 Man-at-Arms
无忧无虑
12:58 Feudal Age
15:35 Wheelbarrow
16:33 Double-Bit Axe
17:32 Scale Barding Armor
Connection lost

Rejoining the realm…

Still unreachable

The connection could not be restored.

Session expired

The server has moved on; the page needs a fresh start.